 Dungeon Crawl Stone Soup version 0.28.0 (webtiles) character file.

Game seed: 10698115110797804237

152570 zkyp the Severer (level 17, -1/156 (162) HPs)
             Began as a Naga Berserker on Feb 9, 2022.
             Was a High Priest of Trog.
             Slain by a spark wasp (14 damage)
             ... on level 3 of the Spider Nest.
             The game lasted 00:47:50 (38745 turns).

zkyp the Severer (Naga Berserker)                  Turns: 38745, Time: 00:47:51

HP:   -1/156 (162)  AC: 26    Str: 29 (30) XL:     17   Next: 58%
MP:   0/17          EV: 15    Int:  4      God:    Trog [*****.]
Gold: 1041          SH:  0    Dex: 22      Spells: 16/16 levels left

rFire   + + +      SeeInvis +   a - +7 executioner's axe (venom)
rCold   . . .      Faith    .   (shield currently unavailable)
rNeg    . . .      Spirit   +   S - +4 ring mail of Experimentation {Str+4 Dex+4}
rPois   +          Reflect  .   F - +0 helmet
rElec   .          Harm     .   V - +0 cloak
rCorr   +          Rampage  .   B - +3 pair of gauntlets of War {Slay+5}
Will    ++...                   (no barding)
Stlth   +.........              y - amulet of guardian spirit
HPRegen 0.36/turn               W - ring of Daricrokh {rF+++ rCorr Int-4 Dex+6}
MPRegen 0.15/turn               g - ring of Hojer {AC+4 Slay+3}

@: lightly drained, very slow
A: AC +5, large, see invisible, deformed body, poison resistance, slowness 2,
spit poison 1, naga tail 2
a: Spit Poison, Renounce Religion, Berserk, Trog's Hand, Brothers in Arms


You were on level 3 of the Spider Nest.
You worshipped Trog.
Trog was extremely pleased with you.
You visited 5 branches of the dungeon, and saw 27 of its levels.
You visited 1 bazaar.

You collected 2578 gold pieces.
You spent 1537 gold pieces at shops.

Inventory:

Hand Weapons
 a - a +7 executioner's axe of venom (weapon)
 C - a +2 battleaxe of flaming
 Q - a +5 vorpal battleaxe
Missiles
 P - 2 throwing nets {=f =F}
 R - 2 javelins
Armour
 u - the +5 ring mail of Analysis {rF+++ rN++ Int-3}
   (You found it on level 1 of the Spider Nest)

   Int:       It affects your intelligence (-3).
   rF:        It renders you almost immune to fire.
   rN:        It greatly protects you from negative energy.
 v - a +1 plate armour of cold resistance
 B - the +3 pair of gauntlets of War (worn) {Slay+5}
   (You bought it in a shop in a bazaar)

   Slay:      It affects your accuracy & damage with ranged weapons and melee
   (+5).
 F - a +0 helmet (worn)
 S - the +4 ring mail of Experimentation (worn) {Str+4 Dex+4}
   (You found it on level 2 of the Lair of Beasts)

   Str:       It affects your strength (+4).
   Dex:       It affects your dexterity (+4).
 V - a +0 cloak (worn)
Jewellery
 e - a ring of flight
 f - a ring of protection from cold
 g - the ring of Hojer (right hand) {AC+4 Slay+3}
   (You acquired it on level 8 of the Dungeon)

   [ring of protection]

   AC:        It affects your AC (+4).
   Slay:      It affects your accuracy & damage with ranged weapons and melee
   (+3).
 y - an amulet of guardian spirit (around neck)
 z - the ring of Grace {rN++ EV+4 Int+3 Stlth+}
   (You found it on level 5 of the Dungeon)

   [ring of evasion]

   EV:        It affects your evasion (+4).
   Int:       It affects your intelligence (+3).
   rN:        It greatly protects you from negative energy.
   Stlth:     It makes you more stealthy.
 W - the ring of Daricrokh (left hand) {rF+++ rCorr Int-4 Dex+6}
   (You found it on level 12 of the Dungeon)

   [ring of resist corrosion]

   Int:       It affects your intelligence (-4).
   Dex:       It affects your dexterity (+6).
   rF:        It renders you almost immune to fire.
   rCorr:     It protects you from acid and corrosion.
Wands
 o - a wand of polymorph (4)
 s - a wand of paralysis (7)
 D - a wand of flame (46)
 E - a wand of iceblast (24)
 I - a wand of digging (22)
 N - a wand of acid (4)
Scrolls
 c - 3 scrolls of immolation
 h - 4 scrolls of fear
 i - 3 scrolls of identify {@r2}
 l - 3 scrolls of magic mapping
 p - 5 scrolls of enchant armour
 q - 2 scrolls of summoning
 t - a scroll of enchant weapon
 w - a scroll of silence {!r}
 x - 8 scrolls of teleportation
 A - a scroll of blinking
 M - 2 scrolls of fog
 T - a scroll of holy word
Potions
 b - 6 potions of haste
 d - 2 potions of curing {@q1}
 j - 2 potions of ambrosia
 k - 3 potions of mutation {!q}
 m - a potion of attraction
 n - 2 potions of might
 r - a potion of magic
 J - 2 potions of lignification
 K - 2 potions of flight
 L - 2 potions of cancellation
 Z - 2 potions of berserk rage {!q}


   Skills:
 + Level 12.8 Fighting
 + Level 20.0(21.1) Axes
 - Level 11.7(17.2) Maces & Flails
 + Level 12.5 Armour
 - Level 9.0 Dodging


You had 16 spell levels left.
You didn't know any spells.
Your spell library contained the following spells:

 Spells                   Type           Power      Damage    Failure   Level
 Sandblast                Erth           0%         2d4       58%         1
 Iron Shot                Conj/Erth      0%         9d1       100%        6


Dungeon Overview and Level Annotations

Branches:
Dungeon (15/15)            Temple (0/1) D:4            Lair (6/6) D:8
  Swamp (1/4) Lair:3       Spider (3/4) Lair:2        Slime (0/5) Lair:5
    Orc (2/2) D:9             Elf (0/3) Orc:2        Vaults (0/5) D:13
 Depths (0/4) D:15

Altars:
Ashenzari
Fedhas
Makhleb
Okawaru
Xom
Yredelemnul
Zin
Beogh

Shops:
D:8 (   D:13 (   Orc:1 *   Orc:2 [(:[

Annotations:
Lair:6 exclusion: oklob plant
Swamp:1 Kirke


Innate Abilities, Weirdness & Mutations

Your serpentine skin is tough. (AC +5)
You have supernaturally acute eyesight. (SInv)
Armour fits poorly on your strangely shaped body.
Your system is resistant to poisons. (rPois)
You cover ground very slowly.
You can spit poison.
You can use your snake-like lower body to constrict enemies.


Message History

An orb of destruction comes into view.
You slash the pharaoh ant! You grab the pharaoh ant.
The pharaoh ant is almost destroyed.
You constrict the pharaoh ant.
The pharaoh ant bites you but does no damage.
A spark wasp comes into view.
The pharaoh ant bites you but does no damage.
The tarantella touches you.
You are confused.
You are too confused!
You are too confused!
You are too confused!
You release your grip on the pharaoh ant.
The tarantella barely misses you. The pharaoh ant bites you!
The orb of destruction hits you!! The pharaoh ant bites you!!
* * * LOW HITPOINT WARNING * * *
You feel drained.
* * * LOW HITPOINT WARNING * * *
The spark wasp buzzes angrily.
You are too confused!
Unknown command.
You feel better.
The orb spider spins a strand of pure energy.
The pharaoh ant completely misses you.
The wolf spider hits you but does no damage.
The wolf spider barely misses you.
Blink to where?
Press: ? - help, Dir - move target
As you read the scroll of blinking, it crumbles to dust.
The spark wasp bursts into living lightning!
The living lightning misses you.
The spark wasp blinks! x2
The spark wasp stings you.
* * * LOW HITPOINT WARNING * * *
The spark wasp shocks you!
* * * LOW HITPOINT WARNING * * *
There is a stone staircase leading up here.
The spark wasp stings you!
* * * LOW HITPOINT WARNING * * *
The spark wasp shocks you!
You die...

.........#§......^..
.......(...s.(......
.........s#..=....^#
........B...#^..#...
#....^.?....#..# ..
.#..#..†.#........
....^.......#....#.
..##...y#......#....
.....[.@#.^.....<.#
.#.....†.....^.#.#
...............#..
....#.^#.#..#...
#..#... .#....#.
..##... .#..^.. ..
.... .. .#. ....$ ##
##


You could see a spark wasp, a wolf spider and a pharaoh ant.

Vanquished Creatures
  Mlioglotl (Spider:1)
  Frances (Spider:1)
  A fire giant (D:15)
  An emperor scorpion (Spider:1)
  A ghost moth (Spider:3)
  An orc warlord (Orc:2)
  The ghost of Leinaam the Severer, a journeyman MiBe of Trog (D:13)
  2 spark wasps (Spider:1)
  The ghost of Ixoagrun the Bludgeoner, a journeyman MiFi of Okawaru (Lair:3)
  The ghost of Yqoodd the Thaumaturge, a journeyman GnWr of Kikubaaqudgha (D:13)
  A vault guard (D:13)
  Fannar (Orc:1)
  The ghost of Galthrax the Geomancer, a journeyman OgEE of Wu Jian (D:9)
  12 hydras
  A jorogumo (Spider:2)
  A radroach (Spider:2)
  5 boulder beetles
  An ogre mage (D:15)
  A catoblepas (Lair:6)
  5 centaur warriors
  The ghost of p0werm0de the Warrior, a journeyman TeEE of Xom (D:12)
  12 two-headed ogres
  A death knight (D:15)
  2 alligators (Swamp:1)
  A satyr (shapeshifter) (D:15)
  2 tengu warriors (D:15)
  5 orc high priests
  21 death yaks
  2 pharaoh ants
  2 skeletal warriors (D:15)
  2 steelbarb worms (Spider:1)
  An orange crystal statue (D:15)
  2 sun moths
  6 orb spiders
  Pikel (D:6)
  A spectral hydra (Lair:3)
  A spriggan druid (Swamp:1)
  6 orc knights
  7 wolf spiders
  6 orc sorcerers
  8 ugly things
  3 cyclopes
  3 moths of wrath
  3 manticores
  6 black mambas
  An elephant (D:8)
  A molten gargoyle (D:15)
  17 cane toads
  A gargoyle (D:13)
  6 demonic crawlers
  4 rime drakes
  2 unseen horrors
  A kobold demonologist (D:12)
  6 torpor snails
  Maggie (D:6)
  An efreet (D:13)
  A freezing wraith (D:14)
  10 komodo dragons
  A queen bee (Spider:2)
  2 tyrant leeches
  8 trolls
  3 polar bears
  9 meliai
  11 blink frogs
  7 hornets
  14 tarantellas
  A tarantella (shapeshifter) (D:14)
  12 dream sheep (Lair:6)
  7 slime creatures
  19 jumping spiders
  A meliai zombie (D:10)
  A ynoxinul (D:9)
  9 culicivoras
  A shadow (D:13)
  17 spriggans
  A vampire (D:12)
  3 wraiths
  6 fire elementals (D:15)
  82 yaks
  6 wyverns
  9 basilisks
  A hog (Lair:3)
  A spectral komodo dragon (Lair:3)
  17 redbacks
  A steam dragon (D:7)
  6 wargs
  Edmund (D:5)
  A hydra simulacrum (Lair:3)
  6 swamp worms
  2 acid dragons
  14 water moccasins
  52 orc warriors
  A necrophage (D:8)
  8 black bears
  An ice beast (D:4)
  A boulder beetle simulacrum (Lair:3)
  39 wolves
  7 ogres
  3 boggarts (Lair:6)
  A lemure (D:6)
  7 centaurs
  2 kobold brigands (D:8)
  A gnoll sergeant (D:10)
  9 bullfrogs
  A scorpion (D:4)
  A wyvern zombie (D:8)
  A water moccasin zombie (D:6)
  A wyvern skeleton (D:7)
  2 water moccasin skeletons
  A dream sheep simulacrum (Lair:3)
  27 killer bees
  5 wights (D:10)
  6 howler monkeys
  5 electric eels
  3 vampire bats (D:13)
  A lava snake (D:15)
  A komodo dragon simulacrum (Lair:3)
  3 crimson imps (D:15)
  4 centaur zombies
  A hound (D:4)
  4 jellies
  A gnoll shaman (Orc:1)
  38 orc priests
  25 orc wizards
  2 hound skeletons
  12 adders
  8 gnolls
  A white imp (D:5)
  An ufetubus (D:5)
  3 worms
  A dart slug (D:5)
  127 orcs
  20 endoplasms
  3 giant cockroaches
  6 goblins
  9 hobgoblins
  13 kobolds
  8 quokkas
  7 ball pythons
  13 bats
  3 frilled lizards
  A rat (D:1)
  2 fire vortices (D:15)
980 creatures vanquished.

Vanquished Creatures (collateral kills)
  2 slime creatures (D:15)
2 creatures vanquished.

Vanquished Creatures (others)
  A culicivora (Spider:2)
  2 bushes
  53 fungi
  84 plants
  6 withered plants (D:13)
146 creatures vanquished.

Grand Total: 1128 creatures vanquished

Notes
Turn   | Place    | Note
-------+----------+-------------------------------------------
     0 | D:1      | zkyp the Naga Berserker began the quest for the Orb.
     0 | D:1      | Reached XP level 1. HP: 21/21 MP: 1/1
   638 | D:1      | Reached XP level 2. HP: 22/28 MP: 2/2
  1565 | D:2      | Reached XP level 3. HP: 18/34 MP: 3/3
  1849 | D:2      | Found a faded altar of an unknown god.
  1855 | D:2      | Reached skill level 1 in Maces & Flails
  1861 | D:2      | Reached XP level 4. HP: 44/44 MP: 4/4
  2880 | D:3      | Reached XP level 5. HP: 51/51 MP: 5/5
  3018 | D:3      | Found a broken altar of Ashenzari.
  3031 | D:3      | Found a basalt altar of Yredelemnul.
  3052 | D:3      | Reached ** piety under Trog
  3615 | D:4      | Reached skill level 5 in Fighting
  3615 | D:4      | Reached XP level 6. HP: 61/61 MP: 6/6
  4224 | D:4      | Found a staircase to the Ecumenical Temple.
  4398 | D:4      | Noticed an ice beast
  4404 | D:4      | Killed an ice beast
  4562 | D:5      | Entered Level 5 of the Dungeon
  4614 | D:5      | Noticed an acid dragon
  4851 | D:5      | Killed an acid dragon
  4852 | D:5      | Reached XP level 7. HP: 69/69 MP: 7/7
  4991 | D:5      | Noticed Edmund
  5000 | D:5      | Killed Edmund
  5001 | D:5      | Reached skill level 5 in Maces & Flails
  5338 | D:5      | Found a glowing silver altar of Zin.
  5338 | D:5      | Found a burning altar of Makhleb.
  5339 | D:5      | Noticed an Executioner
  5339 | D:5      | Noticed an angel
  5406 | D:5      | Identified the ring of Grace {rN++ EV+4 Int+3 Stlth+}
  5435 | D:5      | Found a blossoming altar of Fedhas.
  5685 | D:6      | Reached XP level 8. HP: 14/78 MP: 8/8
  6109 | D:6      | Noticed Maggie
  6119 | D:6      | Killed Maggie
  6582 | D:6      | Noticed Pikel
  6614 | D:6      | Killed Pikel
  6615 | D:6      | Reached XP level 9. HP: 90/90 MP: 9/9
  7280 | D:7      | Found an iron altar of Okawaru.
  8706 | D:8      | Reached skill level 10 in Fighting
  8715 | D:8      | Reached XP level 10. HP: 102/102 MP: 6/10
  9053 | D:8      | Noticed an elephant
  9069 | D:8      | Killed an elephant
  9070 | D:8      | Reached skill level 10 in Maces & Flails
  9316 | D:8      | Identified a scroll of acquirement
  9318 | D:8      | Acquired the ring of Hojer {AC+4 Slay+3}
  9610 | D:8      | Found a staircase to the Lair.
  9740 | D:8      | Found Ileyckud's Weapon Emporium.
 10494 | D:9      | Found a runed translucent door.
 10495 | D:9      | Noticed Galthrax's ghost (journeyman OgEE)
 10711 | D:9      | Found a staircase to the Orcish Mines.
 10810 | D:9      | Reached XP level 11. HP: 112/114 MP: 11/11
 10812 | D:9      | Reached *** piety under Trog
 11044 | D:9      | Killed Galthrax's ghost
 11059 | D:9      | Got Ecluz's Handbook of Earth
 11167 | D:10     | Entered Level 10 of the Dungeon
 11444 | D:10     | Noticed a two-headed ogre
 11450 | D:10     | Killed a two-headed ogre
 12089 | D:11     | Reached skill level 5 in Armour
 12177 | D:11     | Noticed a manticore
 12184 | D:11     | Killed a manticore
 12236 | D:11     | Noticed a two-headed ogre
 12245 | D:11     | Killed a two-headed ogre
 12457 | D:11     | Noticed an orc knight
 12484 | D:11     | Killed an orc knight
 12509 | D:11     | Reached **** piety under Trog
 12642 | D:11     | Noticed a white ugly thing
 12652 | D:11     | Killed a white ugly thing
 12970 | D:11     | Noticed a cyclops
 12977 | D:11     | Killed a cyclops
 13316 | Lair:1   | Entered Level 1 of the Lair of Beasts
 13368 | Lair:1   | Reached XP level 12. HP: 122/122 MP: 12/12
 14603 | Lair:1   | Noticed a four-headed hydra
 14618 | Lair:1   | Killed a four-headed hydra
 14883 | Lair:1   | Noticed an eight-headed hydra
 14893 | Lair:1   | Killed an eight-headed hydra
 15238 | Lair:2   | Noticed a six-headed hydra
 15253 | Lair:2   | Killed a six-headed hydra
 15254 | Lair:2   | Reached skill level 10 in Armour
 15965 | Lair:2   | Found a hole to the Spider Nest.
 16108 | Lair:2   | Gained mutation: You can use your snake-like lower body to
                  | constrict enemies. [Naga growth]
 16108 | Lair:2   | Reached XP level 13. HP: 129/129 MP: 11/13
 16464 | Lair:2   | Identified the +4 ring mail of Experimentation {Str+4
                  | Dex+4}
 17097 | Lair:3   | Found a staircase to the Swamp.
 17736 | Lair:3   | Found a runed translucent gate.
 17737 | Lair:3   | Found a runed translucent gate.
 17737 | Lair:3   | Found a runed translucent gate.
 17741 | Lair:3   | Noticed Ixoagrun's ghost (journeyman MiFi)
 18098 | Lair:3   | Killed Ixoagrun's ghost
 18110 | Lair:3   | Reached skill level 5 in Dodging
 18987 | Lair:4   | Reached ***** piety under Trog
 19023 | Lair:4   | Reached XP level 14. HP: 88/138 MP: 9/14
 19292 | Lair:4   | Reached skill level 4 in Axes
 19654 | Lair:4   | Reached skill level 5 in Axes
 19677 | Lair:4   | Reached skill level 6 in Axes
 20432 | Lair:5   | Reached skill level 7 in Axes
 20919 | Lair:5   | Reached skill level 8 in Axes
 21425 | Lair:5   | Reached skill level 9 in Axes
 21590 | Lair:5   | Found a staircase to the Slime Pits.
 21667 | Lair:6   | Entered Level 6 of the Lair of Beasts
 21869 | Lair:6   | Reached skill level 10 in Axes
 22771 | Lair:6   | Received a gift from Trog
 22809 | Lair:6   | Reached skill level 11 in Axes
 22831 | Lair:6   | Reached XP level 15. HP: 124/145 MP: 15/15
 23213 | Lair:6   | Reached skill level 12 in Axes
 23434 | Lair:6   | Received a gift from Trog
 24241 | Orc:1    | Entered Level 1 of the Orcish Mines
 24241 | Orc:1    | Noticed Fannar
 24250 | Orc:1    | Killed Fannar
 24617 | D:9      | Reached skill level 13 in Axes
 25114 | Orc:1    | Found Bumeatue's CLEARANCE SALE!.
 25270 | Orc:2    | Entered Level 2 of the Orcish Mines
 25291 | Orc:2    | Reached ****** piety under Trog
 25314 | Orc:2    | Received a gift from Trog
 25852 | Orc:2    | Found Fayh Tok's Armour Boutique.
 26028 | Orc:2    | Found Rurecuvuo's Book Shop.
 26045 | Orc:2    | Reached skill level 14 in Axes
 26725 | Orc:2    | Received a gift from Trog
 26748 | Orc:2    | Noticed an orc warlord
 27079 | Orc:2    | Killed an orc warlord
 27399 | Orc:2    | Reached skill level 15 in Axes
 27536 | Orc:2    | Found Egoirid's Antique Armour Emporium.
 27642 | Orc:2    | Found Itueppy's Antique Weapon Shoppe.
 27956 | Orc:2    | Found a staircase to the Elven Halls.
 28880 | D:12     | Found a large runed translucent door.
 28880 | D:12     | Found a large runed translucent door.
 28885 | D:12     | Reached XP level 16. HP: 148/152 MP: 16/16
 28901 | D:12     | Noticed p0werm0de's ghost (journeyman TeEE)
 29790 | D:12     | Killed p0werm0de's ghost
 29790 | D:12     | Received a gift from Trog
 29890 | D:12     | Identified the ring of Daricrokh {rF+++ rCorr Int-4 Dex+6}
 29934 | D:13     | Reached skill level 16 in Axes
 30077 | D:13     | Found Rippaz's Weapon Shop.
 30284 | D:13     | Found a gate to the Vaults.
 30539 | D:13     | Found a runed translucent gate.
 30541 | D:13     | Found a runed translucent gate.
 30541 | D:13     | Found a runed translucent gate.
 30544 | D:13     | Noticed Leinaam's ghost (journeyman MiBe)
 30544 | D:13     | Noticed Yqoodd's ghost (journeyman GnWr)
 30784 | D:13     | Killed Leinaam's ghost
 30788 | D:13     | Killed Yqoodd's ghost
 31755 | D:14     | Reached skill level 17 in Axes
 32056 | D:15     | Entered Level 15 of the Dungeon
 32106 | D:15     | HP: 6/152 [large slime creature (27)]
 32720 | D:15     | Found a staircase to the Depths.
 33028 | D:15     | Found a shimmering altar of Xom.
 33066 | D:15     | Found a gateway to a bazaar.
 33487 | D:15     | Received a gift from Trog
 33911 | D:15     | Reached skill level 18 in Axes
 34639 | Bazaar   | Entered a bazaar
 34641 | Bazaar   | Found Velat's Antique Armour Boutique.
 34645 | Bazaar   | Found Mupabreh's Antique Armour Boutique.
 34645 | Bazaar   | Found Kyqorut's Book Boutique.
 34646 | Bazaar   | Found Gaytzougg's Weapon Boutique.
 34656 | Bazaar   | Bought the +3 pair of gauntlets of War {Slay+5} for 1425
                  | gold pieces
 34656 | Bazaar   | Found the +3 pair of gauntlets of War {Slay+5}
 34887 | Orc:2    | Bought a helmet for 112 gold pieces
 35248 | Swamp:1  | Entered Level 1 of the Swamp
 35394 | Swamp:1  | Noticed Kirke
 35782 | Spider:1 | Entered Level 1 of the Spider Nest
 35826 | Spider:1 | Identified the +5 ring mail of Analysis {rF+++ rN++ Int-3}
 36125 | Spider:1 | Reached XP level 17. HP: 137/159 MP: 14/17
 36252 | Spider:1 | Noticed Mlioglotl
 36267 | Spider:1 | Killed Mlioglotl
 36268 | Spider:1 | Reached skill level 19 in Axes
 36339 | Spider:1 | Received a gift from Trog
 36422 | Spider:1 | Identified the +5 mace of Darkness {flame, Dex+2}
 36425 | Spider:1 | Noticed Frances
 36588 | Spider:1 | Killed Frances
 37624 | Spider:1 | Reached skill level 20 in Axes
 37788 | Spider:2 | Received a gift from Trog
 38745 | Spider:3 | Slain by a spark wasp

Illustrated notes

Levels and vault maps discovered:
D:1:      dpeg_arrival_fog, layout_loops_ring
D:2:      layout_rooms, nicolae_ecumenical_snake_handling, bh_walls_and_bars
D:3:      layout_rooms, nicolae_overflow_squiral, minmay_quadrilaterals
D:4:      layout_basic, minmay_temple_entry_stoned_glass, serial_forest,
          infiniplex_forest_clump_double, infiniplex_forest_straight_5,
          infiniplex_forest_straight_5, infiniplex_forest_end_double,
          infiniplex_forest_clump_large
D:5:      layout_loops_cross, kennysheep_mini,
          grunt_temple_overflow_order_and_chaos_2, uniq_edmund
D:6:      layout_basic, serial_rivers, chequers_serial_rivers_small_a,
          chequers_serial_rivers_marsh, chequers_serial_rivers_large_b,
          chequers_serial_rivers_micro_a, chequers_serial_rivers_micro_e,
          chequers_serial_rivers_marsh, kennysheep_donut, minmay_small_thing,
          uniq_pikel, uniq_maggie
D:7:      layout_layer_cave, okawaru_ov_weapons_minmay,
          chequers_serial_rivers_small_b, minmay_misc_feat_encased
D:8:      layout_loops_ring, david_lair_generic, nicolae_take_the_stairs,
          minivault_21
D:9:      layout_cave_pools, minmay_orc_entry_temple_small,
          hellmonk_ghost_big_iron
D:10:     layout_rooms
D:11:     layout_loops_ring, special_room [special_room_orc], serial_glass,
          glass_columns_a, glass_columns_a
D:12:     layout_roguey, ebering_ghost_disaster_area, grunt_ministairs_15,
          kennysheep_cross_bottleneck
D:13:     layout_cave_pools, david_vaults_5, gammafunk_ghost_cemetery,
          serial_shops, nicolae_shop_bloodbath_and_beyond, roderic_batcave,
          ebering_dispersal_statue_hall
D:14:     layout_roguey, minmay_misc_feat_four_crosses
D:15:     grunt_enter_depths_giant_problem, layout_basic, serial_shops,
          statue_bzr, nrook_mini_vaults, special_room [special_room_orc],
          led_xom_imps
Lair:1:   hellmonk_warped_wall, layout_gridlike, serial_bayou_pond_e,
          chequers_serial_rivers_small_a, beast_lair_carwin_9
Lair:2:   lemuel_slime, layout_regular_city, spider_nest_entry_rubble
Lair:3:   layout_gridlike, swamp_mist, gammafunk_ghost_necromancy,
          grunt_megastairs_3, infiniplex_staircase_pool
Lair:4:   layout_regular_city
Lair:5:   layout_regular_city, dpeg_slime_entry_corner, minmay_holes,
          lemuel_fruit_fields, grunt_megastairs_2
Lair:6:   minmay_lair_end_enchanted_forest, layout_regular_city,
          minmay_lair_oklob_bushes, bh_autumn_forest_stairs, worms_lemuel
Swamp:1:  layout_basic_swamp, evilmike_swamp_ruin_house_3, swamp_pool5,
          uniq_kirke
Spider:1: layout_spider_delve, hangedman_spider_tarantella_strand, uniq_frances,
          uniq_mlioglotl
Spider:2: layout_spider_delve, nicolae_looking_at_the_future
Spider:3: layout_spider_delve
Orc:1:    layout_diamond_mine, nicolae_shop_clearance, uniq_fannar
Orc:2:    pubby_orc_utopia

Skill      XL: |  1  2  3  4  5  6  7  8  9 10 11 12 13 14 15 16 17 |
---------------+----------------------------------------------------+-----
Maces & Flails | 1 2 3 4 5 8 9 11 | 11.7
Fighting       | 4 5 6 8 10 11 12 | 12.8
Armour         | 7 11 12 | 12.5
Dodging        | 8 9 |  9.0
Axes           | 11 15 18 20 | 20.0

Action                   |  1- 3 |  4- 6 |  7- 9 | 10-12 | 13-15 | 16-18 || total
-------------------------+-------+-------+-------+-------+-------+-------++-------
Melee: Hand axe          |    51 |       |       |       |       |       ||    51
       Punch             |     1 |       |       |     7 |    50 |       ||    58
       Whip              |    26 |   139 |   194 |   739 |  1564 |       ||  2662
       Constrict         |       |       |       |       |   320 |   127 ||   447
       Battleaxe         |       |       |       |       |    21 |   549 ||   570
       Executioner's axe |       |       |       |       |       |    33 ||    33
Invok: Berserk           |     3 |     7 |     9 |    20 |    12 |     6 ||    57
       Trog's Hand       |       |       |       |       |     3 |     1 ||     4
       Brothers in Arms  |       |       |       |       |       |     2 ||     2
 Abil: Spit Poison       |       |       |       |       |       |     1 ||     1
Evoke: Wand              |       |       |     1 |     2 |     5 |     9 ||    17
  Use: Potion            |       |       |     4 |       |     2 |     5 ||    11
       Scroll            |       |       |       |    15 |     4 |    27 ||    46
 Stab: Sleeping          |     1 |       |     2 |       |     1 |     2 ||     6
       Distracted        |       |       |       |       |     2 |       ||     2
       Paralysed         |       |       |       |       |       |     3 ||     3
Armor: Animal skin       |    13 |    29 |     1 |       |       |       ||    43
       Ring mail         |       |       |     8 |       |   360 |   292 ||   660
       Acid dragon scale |       |       |    23 |    60 |       |       ||    83
       Plate armour      |       |       |       |   190 |    51 |       ||   241
Dodge: Dodged            |    45 |    59 |   100 |   251 |   824 |   431 ||  1710
